 Dungeon Crawl Stone Soup version 0.27.0-1-g7a089689b8 (webtiles) character file.

Game seed: 1227283885831365633

1724 ryw the Fighter (level 8, -13/68 HPs)
             Began as a Demonspawn Monk on Aug 12, 2021.
             Mangled by a white ugly thing (26 damage)
             ... on level 6 of the Dungeon.
             The game lasted 00:18:36 (6731 turns).

ryw the Fighter (Demonspawn Monk)                   Turns: 6731, Time: 00:18:37

Health: -13/68     AC: 14    Str: 11    XL:     8   Next: 75%
Magic:  8/8        EV: 18    Int: 14    God:
Gold:   73         SH: 14    Dex: 16    Spells: 7/7 levels left

rFire    . . .     SeeInvis .   B - +0 war axe
rCold    . . .     Faith    .   v - +1 buckler {AC+3}
rNeg     . . .     Spirit   .   x - +2 animal skin
rPois    +         Reflect  +   y - +0 helmet
rElec    .         Harm     .   i - +0 cloak
rCorr    .         Rampage  .   (no gloves)
Will     .....                  h - +0 pair of boots
Stlth    ++........             E - amulet of reflection
HPRegen  0.21/turn              k - +4 ring of protection
MPRegen  0.11/turn              s - ring of poison resistance

@: agile
A: talons 1, powered by pain 1, sturdy frame 1, condensation shield
a: no special abilities


You were on level 6 of the Dungeon.
You visited 1 branch of the dungeon, and saw 6 of its levels.

You collected 290 gold pieces.
You spent 217 gold pieces at shops.

Inventory:

Hand Weapons
 B - a +0 war axe (weapon)
Missiles
 j - 30 poisoned darts (quivered)
 q - 2 throwing nets
Armour
 h - a +0 pair of boots (worn)
 i - a +0 cloak (worn)
 v - a +1 buckler of protection (worn)
 x - a +2 animal skin (worn)
 y - a +0 helmet (worn)
Magical Staves
 D - a staff of poison
Jewellery
 k - a +4 ring of protection (left hand)
 m - an amulet of faith
 s - a ring of poison resistance (right hand)
 E - an amulet of reflection (around neck)
Wands
 p - a wand of acid (7)
Scrolls
 a - a scroll of teleportation {unknown}
 b - a scroll of immolation {unknown}
 d - a scroll of blinking {unknown}
 e - 7 scrolls of identify {unknown}
 f - a scroll of fog {unknown}
 g - a scroll of summoning {unknown}
 t - 3 scrolls of fear {unknown}
 u - 2 scrolls of enchant armour {unknown}
 z - a scroll of brand weapon {unknown}
 A - 2 scrolls of noise {unknown}
 C - a scroll of enchant weapon {unknown}
Potions
 c - 2 potions of attraction {unknown}
 l - a potion of ambrosia {unknown}
 n - a potion of magic {unknown}
 o - a potion of might {unknown}
 r - 2 potions of mutation {unknown}
 w - 3 potions of curing {unknown}
 F - a potion of cancellation {unknown}


   Skills:
 + Level 8.1 Fighting
 - Level 5.4 Short Blades
 * Level 2.3 Axes
 + Level 2.6 Throwing
 + Level 4.1 Dodging
 - Level 1.7 Stealth
 - Level 0.6 Shields
 - Level 2.6 Unarmed Combat


You had 7 spell levels left.
You didn't know any spells.
Your spell library contained the following spells:

 Spells                   Type           Power      Damage    Failure   Level
 Apportation              Tloc           0%         N/A       41%         1
 Corona                   Hex            0%         N/A       41%         1
 Foxfire                  Conj/Fire      0%         2x1d4     41%         1
 Shock                    Conj/Air       0%         1d3       41%         1
 Sting                    Tmut/Pois      0%         1d3       41%         1
 Ensorcelled Hibernation  Hex/Ice        0%         N/A       54%         2
 Poisonous Vapours        Pois/Air       0%         N/A       54%         2
 Conjure Flame            Conj/Fire      0%         6-21      78%         3
 Inner Flame              Hex/Fire       0%         N/A       78%         3
 Swiftness                Air            0%         N/A       78%         3
 Tukima's Dance           Hex            0%         N/A       78%         3
 Airstrike                Air            0%         N/A       99%         4
 Olgreb's Toxic Radiance  Pois           0%         N/A       99%         4
 Alistair's Intoxication  Tmut/Pois      0%         N/A       100%        5
 Invisibility             Hex            0%         N/A       100%        6


Dungeon Overview and Level Annotations

Branches:
Dungeon (6/15)             Temple (0/1) D:5

Altars:
Kikubaaqudgha
Yredelemnul

Shops:
D:1 [   D:5 =   D:6 [

Annotations:
D:3 Sigmund
D:5 2 transporters, Menkaure
D:6 2 runed translucent doors, freelancePsychic's ghost, novice MiCK


Innate Abilities, Weirdness & Mutations

You have sharp toenails.
You sometimes gain a little power by taking damage.
Your movements are slightly less encumbered by armour. (ER -2)
A meltable shield of frost defends you. (SH +4)


Message History

You block the necrophage's attack. x2
You hit the necrophage.
You destroy the necrophage!
No target in view!
j - 31 poisoned darts (gained 8)
A - 2 scrolls labelled GOHA VEENUTIH (gained 1)
A white ugly thing comes into view.
Found a stone staircase leading up.
An ice beast comes into view.
Throw: 31 darts (poison)
Press: ? - help, Q - select action, (/) - cycle Shift-Dir - straight line, f - white ugly thing
Aim: a white ugly thing (65% to hit)
You throw a poisoned dart.
The poisoned dart hits the white ugly thing.
The white ugly thing is poisoned.
You hit the white ugly thing.
The white ugly thing is lightly wounded.
You block the white ugly thing's attack. x2
You barely miss the white ugly thing.
The white ugly thing is lightly wounded.
The white ugly thing headbutts you but does no damage.
You hit the white ugly thing.
The white ugly thing is lightly wounded.
You block the white ugly thing's attack.
You completely miss the white ugly thing.
The white ugly thing is lightly wounded.
You block the white ugly thing's attack.
The white ugly thing headbutts you. The white ugly thing freezes you!
You focus on the pain.
You feel agile all of a sudden.
You hit the white ugly thing but do no damage.
The white ugly thing is lightly wounded.
The white ugly thing headbutts you. The white ugly thing freezes you!!
You closely miss the white ugly thing.
The white ugly thing is lightly wounded.
The white ugly thing looks more healthy.
The white ugly thing headbutts you!
* * * LOW HITPOINT WARNING * * *
The white ugly thing freezes you!!
You die...

###..............###..###.#
#.#.####.##.####.# #..#
....# #.##.# #.# #..###.##
##..# #.##.####.###........
##..####.##.>........####...
##......>#######.##### #
###.###### #.# ....# #.#
##### #@# # #u# #(#
#.########. #..........
###........ #.####.## #...#
#......


You could see a white ugly thing.

Vanquished Creatures
  Pikel (D:3)
  A water moccasin (D:5)
  2 ice beasts
  A sky beast (D:3)
  2 necrophages
  A lemure (D:4)
  A phantom (D:6)
  A kobold brigand (D:6)
  A scorpion (D:6)
  A jelly (D:5)
  3 hounds (D:5)
  A bullfrog zombie (D:5)
  Crazy Yiuf (D:2)
  A bullfrog skeleton (D:6)
  Ijyb (D:4)
  An iguana (D:5)
  A scorpion zombie (D:5)
  Robin (D:4)
  3 gnolls (D:5)
  8 adders
  An ufetubus (D:6)
  4 worms
  2 dart slugs
  5 orcs (D:3)
  5 ball pythons
  7 bats
  7 endoplasms
  3 giant cockroaches
  12 goblins
  10 hobgoblins
  8 jackals
  18 kobolds
  4 quokkas
  A frilled lizard (D:2)
  6 rats
126 creatures vanquished.

Notes
Turn   | Place    | Note
-------+----------+-------------------------------------------
     0 | D:1      | ryw the Demonspawn Monk began the quest for the Orb.
     0 | D:1      | Reached XP level 1. HP: 18/18 MP: 1/1
   692 | D:1      | Gained mutation: Your movements are slightly less
                  | encumbered by armour. (ER -2) [demonic ancestry]
   692 | D:1      | Reached XP level 2. HP: 23/24 MP: 2/2
   719 | D:1      | You fall into a shaft and drop 1 floor!
   953 | D:2      | Found a runed translucent door.
   954 | D:2      | Noticed Crazy Yiuf
  1082 | D:2      | Found a faded altar of an unknown god.
  1475 | D:2      | Gained mutation: You have sharp toenails. [demonic
                  | ancestry]
  1475 | D:2      | Reached XP level 3. HP: 30/30 MP: 3/3
  1503 | D:2      | Reached skill level 4 in Fighting
  2216 | D:1      | Found Toxilokawk's Antique Armour Boutique.
  2716 | D:2      | Reached XP level 4. HP: 38/38 MP: 4/4
  2769 | D:2      | Reached skill level 1 in Short Blades
  3099 | D:2      | Killed Crazy Yiuf
  3190 | D:3      | Noticed Sigmund
  3381 | D:3      | Reached XP level 5. HP: 36/43 MP: 5/5
  3486 | D:3      | Reached skill level 5 in Fighting
  3489 | D:3      | Noticed a sky beast
  3499 | D:3      | Killed a sky beast
  3914 | D:4      | Noticed Ijyb
  3925 | D:4      | Killed Ijyb
  4032 | D:4      | Noticed a lemure
  4044 | D:4      | Noticed Pikel
  4044 | D:4      | Noticed a lemure
  4045 | D:4      | Noticed a lemure
  4049 | D:4      | Noticed a lemure
  4053 | D:4      | Killed a lemure
  4092 | D:3      | Killed Pikel
  4093 | D:3      | Reached skill level 6 in Fighting
  4093 | D:3      | Reached XP level 6. HP: 53/53 MP: 6/6
  4093 | D:3      | Gained mutation: You sometimes gain a little power by
                  | taking damage. [demonic ancestry]
  4093 | D:3      | Reached XP level 7. HP: 59/59 MP: 7/7
  4338 | D:4      | Noticed Robin
  4398 | D:4      | Reached skill level 7 in Fighting
  4696 | D:1      | Bought a shiny buckler for 150 gold pieces
  4894 | D:4      | Killed Robin
  5059 | D:5      | Entered Level 5 of the Dungeon
  5059 | D:5      | Noticed a vampire
  5081 | D:5      | Found a transporter.
  5084 | D:5      | Found a basalt altar of Yredelemnul.
  5088 | D:5      | Noticed Menkaure
  5097 | D:5      | Reached skill level 5 in Short Blades
  5122 | D:5      | Gained mutation: A meltable shield of frost defends you.
                  | (SH +4) [demonic ancestry]
  5122 | D:5      | Reached XP level 8. HP: 45/67 MP: 8/8
  5230 | D:5      | Found an ancient bone altar of Kikubaaqudgha.
  5246 | D:5      | Found a transporter.
  5513 | D:5      | Reached skill level 1 in Throwing
  5819 | D:5      | Found Deupep's Jewellery Boutique.
  5847 | D:5      | Found a staircase to the Ecumenical Temple.
  6342 | D:6      | Reached skill level 8 in Fighting
  6342 | D:6      | Reached skill level 1 in Axes
  6469 | D:6      | Found a large runed translucent door.
  6469 | D:6      | Found a large runed translucent door.
  6471 | D:6      | Noticed freelancePsychic's ghost (novice MiCK)
  6486 | D:6      | Found Sevviq's Armour Shoppe.
  6497 | D:6      | Bought a +0 pair of boots for 67 gold pieces
  6716 | D:6      | Noticed a white ugly thing
  6731 | D:6      | Mangled by a white ugly thing

Illustrated notes

Levels and vault maps discovered:
D:1:      nicolae_arrival_somewhat_less_tricky_arrival, layout_basic,
          serial_shops, shop
D:2:      layout_loops_ring, ebering_ecumenical_altar_webs,
          grunt_decor_resistance, minmay_tetromino_o4, uniq_crazy_yiuf_cottage
D:3:      layout_rooms, uniq_sigmund
D:4:      layout_rooms, uniq_robin, uniq_pikel, uniq_ijyb
D:5:      layout_basic, gammafunk_temple_of_torment,
          minmay_temple_entry_junction_2, nicolae_take_the_stairs,
          serial_bayou_crossing
D:6:      layout_loops_ring, ebering_ghost_disaster_area, serial_shops,
          nicolae_shop_statue_plus, hangedman_abyss_or_decor_stagger,
          minmay_misc_feat_encased

Skill      XL: |  1  2  3  4  5  6  7  8 |
---------------+-------------------------+-----
Dodging        | 3 4 |  4.1
Fighting       | 4 6 7 8 |  8.1
Short Blades   | 1 4 5 |  5.4
Throwing       | 2 |  2.6
Axes           | 2 |  2.3
Stealth        | |  1.7
Shields        | |  0.6
Unarmed Combat | |  2.6

Action                   |  1- 3 |  4- 6 |  7- 9 || total
-------------------------+-------+-------+-------++-------
Melee: Unarmed           |   156 |       |       ||   156
       Punch             |     4 |       |       ||     4
       Short sword       |    23 |    94 |   197 ||   314
       Kick              |    16 |    28 |    70 ||   114
       War axe           |       |       |    82 ||    82
Throw: Stone             |     4 |       |       ||     4
       Dart              |       |     5 |     1 ||     6
  Use: Potion            |       |     2 |       ||     2
 Stab: Sleeping          |     2 |     3 |     1 ||     6
Armor: Robe              |    20 |    20 |       ||    40
       Leather armour    |       |     6 |    28 ||    34
       Animal skin       |       |       |    61 ||    61
Dodge: Dodged            |    98 |    72 |   111 ||   281
Block: Buckler           |       |       |   102 ||   102
